 Dungeon Crawl Stone Soup version 0.26.1-11-gd32895ea62 (webtiles) character file.

Game seed: 12312371712222833209

26532 Sopht the Carver (level 13, -6/123 HPs)
             Began as a Tengu Berserker on July 23, 2021.
             Was a High Priest of Trog.
             Mangled by a nine-headed hydra (8 damage)
             ... on level 4 of the Lair of Beasts on July 26, 2021.
             The game lasted 01:38:12 (15054 turns).

Sopht the Carver (Tengu Berserker)                 Turns: 15054, Time: 01:38:16

Health: -6/123     AC: 21    Str: 24    XL:     13   Next: 26%
Magic:  15/15      EV: 24    Int:  7    God:    Trog [*****.]
Gold:   819        SH:  5    Dex: 13    Spells: 12/12 levels left

rFire    . . .     SeeInvis .   A - +5 falchion (venom)
rCold    . . .     Faith    .   x - +0 buckler
rNeg     . . .     Spirit   .   e - +5 swamp dragon scales
rPois    +         Reflect  .   (helmet restricted)
rElec    .         Harm     .   q - +0 cloak
rCorr    .         Rampage  .   D - +0 pair of gloves
Will     ++...                  (boots unavailable)
Stlth    ..........             (no amulet)
HPRegen  1.30/turn              C - +4 ring of evasion
MPRegen  0.14/turn              P - +4 ring of protection

@: berserking, flying quickly and evasively, regenerating, very quick
A: beak, talons 3, deterioration 1, high mp 1, wild magic 1, able to fly
a: Stop Flying, Renounce Religion, Berserk, Trog's Hand, Brothers in Arms


You were on level 4 of the Lair of Beasts.
You worshipped Trog.
Trog was extremely pleased with you.
You visited 2 branches of the dungeon, and saw 14 of its levels.
You also visited: Ice Cave.

You collected 819 gold pieces.

Inventory:

Hand Weapons
 A - a +5 falchion of venom (weapon)
 I - a +2 vorpal falchion
 L - a +1 vorpal falchion
Missiles
 b - 15 datura-tipped darts
 g - 26 boomerangs
 E - 53 poisoned darts
Armour
 e - +5 swamp dragon scales (worn)
 n - the +1 robe of the Volcano {Will+, unknown}
   (You found it on level 1 of the Lair of Beasts)

   It affects your willpower, your defense against some magical effects.
 q - a +0 cloak (worn)
 w - the cursed +1 ice dragon scales of the Spheres {*Drain rElec rF- rC++ Str+3 Slay+2, unknown}
   (You found it in an ice cave)

   It affects your strength (+3).
   It affects your accuracy and damage with ranged weapons and melee attacks
   (+2).
   It makes you vulnerable to fire.
   It greatly protects you from cold.
   It insulates you from electricity.
   It causes draining when unequipped.
   It has a curse placed upon it.
 x - a +0 buckler (worn)
 D - a +0 pair of gloves (worn)
 K - a +1 helmet
Jewellery
 i - an uncursed ring of resist corrosion
 l - an uncursed ring of ice
 r - a ring of the Octopus King {rN+ AC+1 EV+1 Str+1 Int+1 Dex+1}
   (You found it in an ice cave)

   [ring of positive energy]

   It affects your AC (+1).
   It affects your evasion (+1).
   It affects your strength (+1).
   It affects your intelligence (+1).
   It affects your dexterity (+1).
   It protects you from negative energy.
 t - a +4 ring of evasion
 B - an uncursed ring of protection from cold
 C - a +4 ring of evasion (left hand)
 O - the ring of Diompaph {+Blink rPois Int+2}
   (You found it on level 3 of the Lair of Beasts)

   [ring of poison resistance]

   It affects your intelligence (+2).
   It protects you from poison.
   It lets you blink.
 P - a +4 ring of protection (right hand)
Wands
 k - a wand of flame (13)
 u - a wand of paralysis (14)
 z - a wand of acid (19) (quivered)
 G - a wand of iceblast (9)
 M - a wand of polymorph (7)
 Q - a wand of enslavement (13)
Scrolls
 c - 3 scrolls of immolation
 d - 2 scrolls of fear
 h - 3 scrolls of teleportation
 j - 11 scrolls of remove curse
 p - 6 scrolls of amnesia
 v - 2 scrolls of fog
 y - a scroll of magic mapping
 F - 2 scrolls of random uselessness {unknown}
Potions
 a - a potion of ambrosia
 f - a potion of berserk rage
 m - 8 potions of curing
 o - 6 potions of brilliance
 s - 2 potions of attraction
 H - a potion of haste
 N - a potion of heal wounds
Miscellaneous
 J - a lightning rod (4/4)


   Skills:
 + Level 10.1 Fighting
 + Level 14.7 Long Blades
 + Level 2.0 Throwing
 + Level 9.2 Armour
 + Level 10.3 Dodging
 + Level 4.8 Stealth
 + Level 5.0 Shields
 + Level 2.5 Evocations


You had 12 spell levels left.
You didn't know any spells.
Your spell library was empty.

Dungeon Overview and Level Annotations

Branches:
Dungeon (10/15)            Temple (0/1) D:4            Lair (4/6) D:10
  Swamp (0/4) Lair:3       Spider (0/4) Lair:4          Orc (0/2) D:10
  IceCv (visited)

Altars:
Dithmenos
Fedhas
Gozag
Okawaru
Ru
Sif Muna
Yredelemnul
Zin
Beogh

Shops:
D:4 :

Annotations:
D:4 2 transporters, Ekaitz's ghost, amateur DDEE
Lair:4 Nessos


Innate Abilities, Weirdness & Mutations

You have a beak for a mouth.
You have claws for feet.
You can fly continuously.
Your body sometimes deteriorates upon taking damage.
You have an increased reservoir of magic. (+10% MP)
Your spells are a little harder to cast, but a little more powerful.


Message History

The eight-headed hydra barely misses you.
You lop one of the eight-headed hydra's heads off!
The seven-headed hydra grows two more!
You slash the nine-headed hydra! You claw the nine-headed hydra.
You peck the nine-headed hydra!
The nine-headed hydra is heavily wounded.
Nessos wields a +3 longbow of flaming.
It bursts into flame!
Nessos shoots an arrow.
The arrow hits you! The arrow burns you.
You hit the nine-headed hydra. You claw the nine-headed hydra!
The nine-headed hydra is severely wounded.
Nessos shoots an arrow.
The arrow hits you!
* * * LOW HITPOINT WARNING * * *
The arrow burns you.
* * * LOW HITPOINT WARNING * * *
The nine-headed hydra bites you!
* * * LOW HITPOINT WARNING * * *
The nine-headed hydra bites you!
* * * LOW HITPOINT WARNING * * *
The nine-headed hydra bites you but does no damage.
The nine-headed hydra bites you!
You die...

.....## #
#......P..........#...#.##...
#....PP...........#D.....§...
#......##........##..(..c≈≈≈+
#.......#...c....##...#..≈≈..
#......#.........##.^..^.≈≈.s
#.......##.#.....#..#.##..≈..
#......#..##.#.....(#.#.^≈≈≈+
................@D#.(..^.^...
###.#.P##..###...(##.^######^
# ########## #.(#.(##....#
#.###.......## #.# ##.......#
## ##P###..# ### ####


You could see Nessos (fast) and a nine-headed hydra.

Vanquished Creatures
  Josephine (Lair:4)
  2 hydras (Lair:2)
  A two-headed ogre (D:9)
  3 death yaks (D:10)
  2 unseen horrors (D:10)
  2 ugly things (IceCv)
  A cyclops (D:7)
  A black mamba (Lair:3)
  An ice statue (IceCv)
  Maggie (D:6)
  4 cane toads
  2 rime drakes
  5 komodo dragons
  A troll (D:10)
  A polar bear (Lair:3)
  19 blink frogs
  5 wraiths (Lair:4)
  2 wyverns
  16 yaks
  A basilisk (Lair:1)
  Menkaure (D:7)
  A warg (Lair:2)
  5 water moccasins
  6 orc warriors
  2 sky beasts
  16 ice beasts
  5 black bears
  An eye of draining (D:9)
  3 phantoms
  2 ogres
  2 necrophages
  3 centaurs
  12 wolves
  A big kobold (D:9)
  6 bullfrogs
  A wyvern skeleton (D:9)
  6 scorpions
  11 killer bees
  4 howler monkeys (D:7)
  2 bullfrog zombies
  3 quasits
  4 hounds
  10 orc priests
  2 bullfrog skeletons
  4 orc wizards
  3 iguanas
  12 worker ants
  Terence (D:3)
  3 hell rats (D:10)
  3 hound zombies
  3 hound skeletons
  A worker ant zombie (D:6)
  4 howler monkey skeletons
  4 gnolls
  10 adders
  A shadow imp (D:4)
  A white imp (D:6)
  2 ufetubi (D:7)
  3 oozes
  An adder zombie (D:9)
  3 adder skeletons
  2 worms (D:3)
  4 dart slugs
  3 leopard geckos
  57 orcs
  A ball python (D:3)
  4 giant cockroaches
  5 hobgoblins
  17 jackals
  4 quokkas
  12 bats
  9 frilled lizards
  6 goblins
  13 kobolds
  A quokka skeleton (D:4)
  A quokka zombie (D:6)
  14 rats
392 creatures vanquished.

Vanquished Creatures (collateral kills)
  An ogre (D:7)
  A phantom (D:5)
  A big kobold (D:7)
  2 orc wizards
  A jelly (D:5)
  An adder (D:5)
  A white imp (D:7)
  3 orcs (D:6)
  2 kobolds (D:7)
13 creatures vanquished.

Vanquished Creatures (others)
  A centaur (D:5)
  An orc priest (D:6)
  An adder (D:7)
  5 fungi (Lair:2)
  9 plants
17 creatures vanquished.

Grand Total: 422 creatures vanquished

Notes
Turn   | Place    | Note
-------+----------+-------------------------------------------
     0 | D:1      | Sopht the Tengu Berserker began the quest for the Orb.
     0 | D:1      | Reached XP level 1. HP: 14/14 MP: 2/2
   372 | D:1      | Reached XP level 2. HP: 19/19 MP: 3/3
   907 | D:1      | Reached XP level 3. HP: 23/23 MP: 4/4
  1127 | D:2      | Reached skill level 4 in Long Blades
  1206 | D:2      | Reached ** piety under Trog
  1565 | D:2      | Reached XP level 4. HP: 27/28 MP: 5/5
  2262 | D:3      | Noticed Terence
  2269 | D:3      | Killed Terence
  2270 | D:3      | Gained mutation: You can fly continuously. [Tengu growth]
  2270 | D:3      | Reached XP level 5. HP: 18/32 MP: 6/6
  2542 | D:3      | Reached *** piety under Trog
  3137 | D:4      | Reached skill level 5 in Long Blades
  3171 | D:4      | Reached skill level 1 in Stealth
  3176 | D:4      | Reached XP level 6. HP: 38/38 MP: 7/7
  3407 | D:4      | Found a staircase to the Ecumenical Temple.
  3448 | D:4      | Found Qilar's Book Shoppe.
  3809 | D:4      | Found a sacrificial altar of Ru.
  3937 | D:4      | Reached skill level 5 in Armour
  3937 | D:4      | Reached XP level 7. HP: 43/43 MP: 8/8
  4028 | D:4      | Found a transporter.
  4032 | D:4      | Noticed Ekaitz's ghost (amateur DDEE)
  4032 | D:4      | Identified the +10 great mace of Xetsyl {protect, *Rage
                  | Str+2 SInv}
  4037 | D:4      | Found a transporter.
  4369 | D:5      | Entered Level 5 of the Dungeon
  4379 | D:5      | Reached skill level 6 in Long Blades
  4395 | D:5      | Found a shimmering blue altar of Sif Muna.
  4676 | D:5      | Found an opulent altar of Gozag.
  5232 | D:5      | Reached XP level 8. HP: 48/48 MP: 9/9
  5267 | D:5      | Killed a centaur
  5393 | D:5      | Reached skill level 7 in Long Blades
  5780 | D:6      | Noticed Maggie
  5800 | D:6      | Killed Maggie
  5801 | D:6      | Reached skill level 8 in Long Blades
  6328 | D:6      | Reached skill level 5 in Fighting
  6347 | D:6      | Reached XP level 9. HP: 54/54 MP: 10/10
  6351 | D:6      | Reached skill level 5 in Dodging
  6708 | D:6      | Reached **** piety under Trog
  6882 | D:7      | Noticed Menkaure
  6898 | D:7      | Killed Menkaure
  7227 | D:7      | Reached skill level 9 in Long Blades
  7412 | D:7      | Reached skill level 1 in Throwing
  7562 | D:7      | Reached skill level 10 in Long Blades
  7681 | D:7      | Noticed a cyclops
  7686 | D:7      | Killed a cyclops
  7687 | D:7      | Reached XP level 10. HP: 37/60 MP: 11/11
  8268 | D:8      | Found a shadowy altar of Dithmenos.
  8354 | D:8      | Altar of Dithemous D:8
  8397 | D:8      | Found a blossoming altar of Fedhas.
  8413 | D:8      | Reached skill level 1 in Evocations
  8430 | D:8      | Found an iron altar of Okawaru.
  8441 | D:8      | Found a glowing silver altar of Zin.
  8665 | D:9      | Noticed a two-headed ogre
  8846 | D:9      | Reached skill level 11 in Long Blades
  9010 | D:10     | Entered Level 10 of the Dungeon
  9468 | D:9      | Killed a two-headed ogre
  9476 | D:9      | Reached skill level 12 in Long Blades
  9476 | D:9      | Reached XP level 11. HP: 66/67 MP: 12/12
  9882 | D:10     | Killed an unseen horror
  9883 | D:10     | Reached skill level 1 in Shields
  9984 | D:10     | Killed an unseen horror
 10068 | D:10     | Got a transparent dagger
 10481 | D:10     | Noticed a death yak
 10483 | D:10     | Noticed a death yak
 10504 | D:10     | Noticed a death yak
 10514 | D:10     | Killed a death yak
 10522 | D:10     | Killed a death yak
 10563 | D:10     | Killed a death yak
 10572 | D:10     | Found a staircase to the Lair.
 10646 | D:10     | Identified the cursed +0 dagger of Deyg {vorpal, rElec rC+}
                  | (You found it on level 10 of the Dungeon)
 10798 | D:10     | Reached ***** piety under Trog
 10810 | D:10     | Reached skill level 13 in Long Blades
 10910 | D:10     | Found a roughly hewn altar of Beogh.
 10922 | D:10     | Found a staircase to the Orcish Mines.
 11504 | Lair:1   | Entered Level 1 of the Lair of Beasts
 11554 | Lair:1   | Got a crude robe
 11555 | Lair:1   | Found a dark tunnel.
 11627 | Lair:1   | Found a frozen archway.
 11699 | IceCv    | Entered an ice cave
 11718 | IceCv    | Reached XP level 12. HP: 74/74 MP: 13/13
 11782 | IceCv    | Gained mutation: Your body sometimes deteriorates upon
                  | taking damage. [potion of mutation]
 11782 | IceCv    | Gained mutation: Your spells are a little harder to cast,
                  | but a little more powerful. [potion of mutation]
 11782 | IceCv    | Gained mutation: You have an increased reservoir of magic.
                  | (+10% MP) [potion of mutation]
 11795 | IceCv    | Found the ring of the Octopus King
 11803 | IceCv    | Got a ring of the Octopus King
 11812 | IceCv    | Got bloodstained ice dragon scales
 11931 | IceCv    | Identified a ring of the Octopus King {rN+ AC+1 EV+1 Str+1
                  | Int+1 Dex+1} (You found it in an ice cave)
 12501 | Lair:2   | Noticed a six-headed hydra
 12525 | Lair:2   | Killed an eight-headed hydra
 12534 | Lair:2   | Reached skill level 14 in Long Blades
 12922 | Lair:2   | Found a basalt altar of Yredelemnul.
 12995 | Lair:2   | Noticed an eight-headed hydra
 13005 | Lair:2   | Killed a 12-headed hydra
 13928 | Lair:3   | Got a fine jade ring
 13929 | Lair:3   | Identified the ring of Diompaph {+Blink rPois Int+2} (You
                  | found it on level 3 of the Lair of Beasts)
 13957 | Lair:3   | Reached skill level 10 in Dodging
 13992 | Lair:3   | Reached XP level 13. HP: 80/80 MP: 15/15
 14005 | Lair:3   | Found a staircase to the Swamp.
 14753 | Lair:4   | Reached skill level 10 in Fighting
 14770 | Lair:4   | Noticed Josephine
 14780 | Lair:4   | Killed Josephine
 14789 | Lair:4   | Reached skill level 5 in Shields
 15029 | Lair:4   | Noticed Nessos
 15031 | Lair:4   | Found a hole to the Spider Nest.
 15054 | Lair:4   | HP: 2/123 [nine-headed hydra (13)]
 15054 | Lair:4   | Mangled by a nine-headed hydra

Illustrated notes

§§§..###.# #.#
.#.#...#.# #.#
§.####.#.#
#.####### .##
#.#.#######........
.#####.#.#.......#
.........#.#####.#
######...#.# #.#
###[#.#####.#
####.#.#....@#
##...........##
####.....#†#<##.#
.........†.#.##.
.........### ##.
#####...## #. #
##### #. # #. #


Turn 8354 on D:8: Altar of Dithemous D:8

Levels and vault maps discovered:
D:1:      kilobyte_arrival_exit_the_forest, layout_basic, roderic_roman_lattice
D:2:      layout_loops_corners
D:3:      layout_basic, uniq_terence
D:4:      minmay_opposing_rooms, layout_basic, hangedman_ru_absence,
          minmay_temple_entry_trees, serial_shops, nicolae_shop_statue_plus,
          gammafunk_ghost_smash
D:5:      layout_gridville, general_overflow_altar, lemuel_crystal_altar,
          minmay_fractal_squares_gapless_5
D:6:      layout_loops_ring, serial_glass, glass_columns_a, glass_columns_a,
          uniq_maggie
D:7:      cheibrodos_fzero, layout_basic, uniq_menkaure
D:8:      layout_loops_ring, fedhas_altar_1, grunt_temple_overflow_open,
          grunt_dithmenos_smoke_and_mirrors
D:9:      layout_long_grid
D:10:     layout_stronghold, dpeg_lair_monsters, david_orc_5
Lair:1:   layout_hall_layers, enter_volcano_2, portal_ice_cave_entry_ice_beasts,
          st_stairs_9
Lair:2:   beast_lair_carwin_large_2, layout_cellular_growth,
          chequers_serial_rivers_large_a, amcnicky_altar_gilded
Lair:3:   layout_gridlike, swamp_mist_pool
Lair:4:   pond_and_an_island_with_a_cottage, layout_regular_city,
          nicolae_spider_entry_orb_guardian, ebering_ghost_reflecting_pool,
          serial_bayou_shore_b, uniq_nessos, uniq_josephine, uniq_snorg

Skill      XL: |  1  2  3  4  5  6  7  8  9 10 11 12 13 |
---------------+----------------------------------------+-----
Long Blades    | 4 5 6 8 10 12 13 14 | 14.7
Armour         | 3 5 6 7 8 9 |  9.2
Stealth        | 1 2 3 4 |  4.8
Dodging        | 3 4 6 7 8 10 | 10.3
Fighting       | 4 5 6 7 8 9 10 | 10.1
Throwing       | 1 2 |  2.0
Evocations     | 1 2 |  2.5
Shields        | 2 4 5 |  5.0

Action                   |  1- 3 |  4- 6 |  7- 9 | 10-12 | 13-15 || total
-------------------------+-------+-------+-------+-------+-------++-------
Melee: Falchion          |    66 |   131 |   270 |   701 |    91 ||  1259
       Kick              |    19 |    46 |   123 |   303 |    41 ||   532
       Peck              |    12 |    26 |    71 |   198 |    31 ||   338
Throw: Dart              |       |       |     9 |       |       ||     9
Invok: Berserk           |     1 |     2 |     7 |     6 |     2 ||    18
       Trog's Hand       |       |     1 |     9 |    11 |     3 ||    24
       Brothers in Arms  |       |       |     1 |       |       ||     1
 Abil: Fly               |       |     1 |       |       |       ||     1
       Evoke Blink       |       |       |       |     1 |       ||     1
Evoke: Wand              |       |       |     4 |     5 |     2 ||    11
  Use: Scroll            |       |     2 |    12 |    19 |       ||    33
       Potion            |       |     2 |    10 |     6 |     1 ||    19
 Stab: Sleeping          |     1 |       |       |       |       ||     1
       Fleeing           |       |       |       |     1 |       ||     1
Armor: Animal skin       |     2 |       |       |       |       ||     2
       Ring mail         |    20 |    34 |    17 |       |       ||    71
       Leather armour    |     2 |       |       |       |       ||     2
       Swamp dragon scal |       |       |    52 |   121 |    13 ||   186
Dodge: Dodged            |    50 |   100 |   252 |   614 |    75 ||  1091
Block: Buckler           |       |       |       |    88 |    13 ||   101
       Rpst.: Falchion   |    17 |    39 |    69 |   161 |    26 ||   312
